 Dungeon Crawl Stone Soup version 0.30-a0-722-g3e6e8c874d (webtiles) character file.

Game seed: 1321382575707850761

54 jimonade the Sneak (level 3, -10/21 HPs)
             Began as a Vampire Brigand on Jan 28, 2023.
             Mangled by a gnoll
             ... wielding a +0 halberd
              (12 damage)
             ... on level 2 of the Dungeon.
             The game lasted 00:02:59 (1288 turns).

jimonade the Sneak (Vampire Brigand)                Turns: 1288, Time: 00:03:00

Health: -10/21     AC:  4    Str: 10    XL:     3   Next: 66%
Magic:  3/3        EV: 11    Int: 13    God:
Gold:   73         SH:  0    Dex: 17    Spells: 2/2 levels left

rFire   . . .      SeeInvis +    a - +2 dagger
rCold   + + .      Faith    .    (no shield)
rNeg    + + +      Spirit   .    i - +0 leather armour
rPois   ∞          Reflect  .    (no helmet)
rElec   .          Harm     .    c - +0 cloak
rCorr   .          Rampage  .    (no gloves)
Will    .....                    (no boots)
Stlth   ++++++                   t - amulet of regeneration
HPRegen 0.00/turn                g - +4 ring of slaying
MPRegen 0.08/turn                (no ring)

@: bloodless, inhibited regen
A: bloodless, fangs 3, see invisible, vampiric 2
a: Bat Form, Revivify


You were on level 2 of the Dungeon.
You visited 1 branch of the dungeon, and saw 2 of its levels.

You collected 73 gold pieces.

Inventory:

Hand Weapons
 a - a +2 dagger (weapon)
 s - a +0 sling
Missiles
 d - 9 poisoned darts (quivered)
 e - 3 curare-tipped darts
Armour
 b - a +0 robe
 c - a +0 cloak (worn)
 i - a +0 leather armour (worn)
 j - a +0 ring mail
 q - a +1 scale mail of fire resistance
Jewellery
 f - a ring of positive energy
 g - a +4 ring of slaying (left hand)
 k - an amulet of guardian spirit
 t - an amulet of regeneration (around neck)
Scrolls
 h - 2 scrolls of identify {unknown}
 l - a scroll of fear {unknown}
 o - 2 scrolls of enchant weapon {unknown}
 p - a scroll of poison {unknown}
 v - a scroll of magic mapping {unknown}
Potions
 m - 3 potions of might {unknown}
 n - 2 potions of flight {unknown}
 r - a potion of curing {unknown}
 u - a potion of mutation {unknown}


   Skills:
 + Level 1.9 Fighting
 + Level 2.5 Short Blades
 + Level 1.6 Throwing
 + Level 0.2 Armour
 + Level 1.7 Dodging
 + Level 7.4 Stealth


You had 2 spell levels left.
You didn't know any spells.
Your spell library was empty.

Dungeon Overview and Level Annotations

Branches:
Dungeon (2/15)

Altars:


Innate Abilities, Weirdness & Mutations

You do not regenerate when monsters are visible.
You are frail without blood (-20% HP).
You can heal yourself when you bite living creatures.
You are immune to poison.
You have razor-sharp teeth.
You have supernaturally acute eyesight. (SInv)
You are afflicted with vampirism and can become a bat while bloodless.


Message History

No target in view!
You see here a +0 club.
Found a morningstar and 6 stones.
A goblin comes into view. It is wielding a +0 club.
A goblin is nearby!
A goblin comes into view. It is wielding a +0 club.
Found a stone staircase leading down.
The helpless goblin fails to defend itself.
You bite the goblin, and draw its blood!
You skewer the goblin like a kebab!!!
You kill the goblin!
The goblin shouts!
You hit the goblin.
You kill the goblin!
No target in view!
No target in view!
u - a smoky clear potion;
v - a scroll labelled BOOXIE CUINEU You see here a +0 club.
Found an escape hatch in the ceiling.
No target in view!
No target in view!
There is an escape hatch in the ceiling here.
Found a short sword.
A gnoll comes into view. It is wielding a +0 halberd.
There is a shaft here.
A gnoll is nearby!
The gnoll shouts!
The gnoll unwields a +0 halberd.
The gnoll wields a +3 sling.
The gnoll shoots a sling bullet.
The sling bullet hits you.
A gnoll comes into view. It is wielding a +0 spear.
The gnoll shoots a sling bullet.
The sling bullet hits you!
A gnoll comes into view. It is wielding a +0 halberd.
The gnoll shoots a sling bullet.
The sling bullet hits you!
* * * LOW HITPOINT WARNING * * *
A giant cockroach comes into view.
You are too injured to fight recklessly!
The gnoll attacks as you move away!
The gnoll unwields a +3 sling.
The gnoll wields a +0 halberd.
The gnoll hits you with a +0 halberd!
Ouch! That really hurt!
You die...

#.##.#. .....## #.##.#.
....B. ###...... ....#
#.......# #.g.# #.#.....#
#...# #...###.# #.g.#
#()..##.#
######..g########..#.##.#
........@......#...#.##.#
...........<.............
....................#####
######...######.....# #
#...# #.....# # #^..#
#.....# ###...### #.....#
#.......######.###
#.#...#.#.......## #


You could see 3 gnolls and a giant cockroach.

Vanquished Creatures
  An adder (D:2)
  A dart slug (D:1)
  3 ball pythons (D:1)
  3 endoplasms
  2 giant cockroaches (D:1)
  6 goblins
  4 hobgoblins
  2 jackals (D:1)
  A quokka (D:1)
  4 bats
  2 frilled lizards (D:1)
  4 kobolds (D:1)
  5 rats (D:1)
38 creatures vanquished.

Notes
Turn   | Place    | Note
-------+----------+-------------------------------------------
     0 | D:1      | jimonade the Vampire Brigand began the quest for the Orb.
     0 | D:1      | Reached XP level 1. HP: 16/16 MP: 1/1
    58 | D:1      | Reached skill level 6 in Stealth
   192 | D:1      | Reached XP level 2. HP: 13/17 MP: 2/2
   569 | D:1      | Reached skill level 7 in Stealth
   653 | D:1      | Gained mutation: You are afflicted with vampirism and can
                  | become a bat while bloodless. [Vampire growth]
   653 | D:1      | Reached XP level 3. HP: 21/21 MP: 3/3
  1288 | D:2      | Mangled by a gnoll

Illustrated notes

Levels and vault maps discovered:
D:1:      dpeg_arrival_round_b, layout_basic, minmay_split_cup_small
D:2:      layout_loops_cross, minmay_misc_feat_hallway, corexii_shack,
          hex_medium, uniq_terence

Skill      XL: |  1  2 |
---------------+-------+-----
Stealth        | 6 7 |  7.4
Fighting       | |  1.9
Short Blades   | |  2.5
Throwing       | |  1.6
Armour         | |  0.2
Dodging        | |  1.7

Action                     || total
---------------------------++-------
  Melee: Dagger            ||    76
         Bite              ||     6
Ability: Exsanguinate      ||     1
   Stab: Sleeping          ||    12
 Armour: Robe              ||     6
         Ring mail         ||     3
         Leather armour    ||    12
  Dodge: Dodged            ||    27

Table legend: (Time is in decaauts)
 A = Elapsed time spent in this place.
 B = Non-inter-level travel time spent in this place.
 C = Inter-level travel time spent in this place.
 D = Time resting spent in this place.
 E = Time spent auto-exploring this place.
 F = Levels seen in this place.
 G = Mean time per level.
                   A        B        C        D        E       F      G
               +--------+--------+--------+--------+--------+-----+--------+
         Total |   1278 |   1115 |    163 |      0 |    780 |   2 |  639.0 |
       Dungeon |   1278 |   1115 |    163 |      0 |    780 |   2 |  639.0 |
               +--------+--------+--------+--------+--------+-----+--------+

Top non-repeatable levels by time:
     D:1: 1023 daAuts
     D:2: 255 daAuts
